 Dungeon Crawl Stone Soup version 0.30-a0-696-g2367cd04db (webtiles) character file.

Game seed: 604787779748089718

4251 kae the Transmogrifier (level 10, -1/62 (65) HPs)
             Began as a Demonspawn Transmuter on Jan 20, 2023.
             Was a Believer of Ru.
             Slain by a meliai
             ... wielding a +0 hand axe
              (9 damage)
             ... on level 10 of the Dungeon.
             The game lasted 00:13:46 (9868 turns).

kae the Transmogrifier (Demonspawn Transmuter)      Turns: 9868, Time: 00:13:46

HP:   -1/62 (65)    AC: 16    Str: 11    XL:     10   Next: 10%
MP:   13/18         EV: 17    Int: 18    God:    Ru [**....]
Gold: 1445          SH:  4    Dex: 14    Spells: 5/20 levels left

rFire   . . .      SeeInvis .      - Unarmed
rCold   . . .      Faith    .    (shield currently unavailable)
rNeg    . . .      Spirit   .    o - +2 robe {Will+}
rPois   .          Reflect  .    (no helmet)
rElec   .          Harm     .    y - +1 cloak
rCorr   .          Rampage  .    (gloves currently unavailable)
Will    +....                    (no boots)
Stlth   +                        (no amulet)
HPRegen 0.30/turn                O - +4 ring of protection
MPRegen 0.16/turn                E - +5 ring of evasion

@: lethally poisoned (-1 -> -30), blade hands, lightly drained, unable to drink
A: hooves 2, molten scales 1, icemail 1, inability to drink after injury 2,
inability to train armour, condensation shield
a: End Transformation, Renounce Religion


You were on level 10 of the Dungeon.
You worshipped Ru.
Ru was pleased with you.
You had blades for hands.
You visited 2 branches of the dungeon, and saw 11 of its levels.

You collected 1445 gold pieces.


Innate Abilities, Weirdness & Mutations

You have blades for hands.
Your spellcasting is less reliable in this form.
You are incapable of wielding weapons or throwing items.
You have hoof-like feet.
You are partially covered in molten scales. (AC +2)
A meltable icy envelope protects you from harm. (AC +4)
You sometimes lose the ability to drink potions when taking damage.
You cannot train Armour skill.
A meltable shield of frost defends you. (SH +4)


   Skills:
 - Level 1.0 Fighting
 - Level 1.7 Dodging
 + Level 6.3 Unarmed Combat
 + Level 5.9 Spellcasting
 * Level 8.3 Transmutations
 * Level 7.0 Ice Magic


You had 5 spell levels left.
You knew the following spells:

 Your Spells              Type           Power      Damage    Failure   Level
a - Beastly Appendage     Tmut           70%        N/A       11%         1
b - Wereblood             Tmut           35%        N/A       13%         2
c - Spider Form           Tmut/Pois      20%        N/A       38%         3
d - Ice Form              Ice/Tmut       33%        N/A       32%         4
e - Blade Hands           Tmut           17%        N/A       47%         5

Your spell library contained the following spells:

 Spells                   Type           Power      Damage    Failure   Level
 Freeze                   Ice            100%       1d10      13%         1
 Frozen Ramparts          Ice            60%        1d10      21%         3
 Ozocubu's Armour         Ice            30%        N/A       21%         3
 Hailstorm                Conj/Ice       18%        3d6       43%         3
 Yara's Violent Unravell  Hex/Tmut       10%        3d6       88%         5
 Leda's Liquefaction      Hex/Erth       2%         N/A       97%         4
 Silence                  Hex/Air        2%         N/A       100%        5
 Ozocubu's Refrigeration  Ice            15%        4d10      100%        7

Inventory:

Hand Weapons
 I - the +9 lance "Wyrmbane" {slay drac, rPois rF+ rC+ AC+3}
   (You took it off Maggie on level 8 of the Dungeon)

   AC:        It affects your AC (+3).
   rF:        It protects you from fire.
   rC:        It protects you from cold.
   rPois:     It protects you from poison.
Missiles
 a - 2 curare-tipped darts {=f}
 c - 132 stones
 k - 28 poisoned darts
 s - 8 boomerangs
Armour
 o - a +2 robe of willpower (worn)
   (You found it on level 3 of the Dungeon)
 y - a +1 cloak (worn)
   (You found it on level 5 of the Dungeon)
 J - +2 acid dragon scales
   (You took it off Maggie on level 8 of the Dungeon)
Magical Staves
 x - a staff of earth {!a}
   (You found it on level 4 of the Dungeon)
Jewellery
 E - a +5 ring of evasion (right blade hand)
   (You found it on level 5 of the Dungeon)
 O - a +4 ring of protection (left blade hand)
   (You found it on level 7 of the Dungeon)
 S - a +6 ring of strength
   (You found it on level 3 of the Dungeon)
Wands
 w - a wand of flame (26)
   (You took it off Ijyb on level 4 of the Dungeon)
 C - a wand of polymorph (7)
   (You found it on level 6 of the Dungeon)
 K - a wand of charming (3)
   (You found it on level 9 of the Dungeon)
Scrolls
 d - 4 scrolls of enchant weapon
 g - 2 scrolls of vulnerability {!r!r}
 i - 2 scrolls of teleportation {@r4}
 l - a scroll of blinking {!r}
 n - 2 scrolls of fear
 q - 5 scrolls of immolation {!r!r}
 u - 5 scrolls of magic mapping {!r}
 z - 3 scrolls of fog
 B - 2 scrolls of enchant armour
 F - a scroll of brand weapon
Potions
 b - a potion of lignification {!q}
 e - 4 potions of mutation {!q}
 f - 2 potions of cancellation
 h - a potion of ambrosia
 j - 6 potions of curing {unknown}
 m - a potion of degeneration {unknown}
 p - a potion of might
 r - 2 potions of brilliance {unknown}
 t - 4 potions of attraction {!q}
 v - a potion of haste {@q3}
 A - 3 potions of heal wounds {@q2}
 G - a potion of flight
 H - a potion of berserk rage {!q}

Dungeon Overview and Level Annotations

Branches:
Dungeon (10/15) Zot: 26628  Temple (1/1) D:4 Zot: 5872
   Lair: D:8-11         Orc: D:9-12

Altars:
Ashenzari
Dithmenos
Fedhas
Gozag
Hepliaklqana
Kikubaaqudgha
Makhleb
Nemelex Xobeh
Okawaru
Qazlal
Ru
Sif Muna
Trog
Uskayaw
Vehumet
Xom
Yredelemnul

Shops:
D:6 (   D:8 [[

Annotations:
D:8 exclusion: centaur warrior
D:10 Gastronok

S≈.............# #.≈≈
#≈.............# #.≈#
#≈.............### #.≈#
≈≈...............# #.≈≈
≈≈...../..≈≈≈≈≈≈.######.≈≈
..........≈≈##≈≈..........
..........≈# #≈..........
.........)≈####≈..........
....####y@≈≈##≈≈....####..
... ##.y≈≈≈≈≈.#### #.. .
#........# #.. ##..######
#.< ##.# #.. ### ###


You could see 2 meliai.


Message History

Gastronok looks at you and mumbles some strange words.
You resist with significant effort.
Unknown command.
Gastronok is nearby!
Gastronok is nearby!
Gastronok is nearby!
There is a stone staircase leading up here.
You climb upwards.
There is a stone staircase leading down here.
There is an open door here.
There is a stone staircase leading down here.
You climb downwards.
Level annotation: Gastronok
There is a stone staircase leading up here.
Okay, then.
Okay, then.
You now have 1437 gold pieces (gained 21).
You now have 1445 gold pieces (gained 8).
An electric eel comes into view.
An electric eel is nearby!
An electric eel is nearby!
Unknown command.
Unknown command.
Aiming: Throw Flame
Press: ? - help, Shift-Dir - straight line, f - electric eel
Aim: an electric eel (water, 48% to hit)
The puff of flame hits the electric eel.
The electric eel is engulfed in a cloud of scalding steam.
You kill the electric eel!
You hear a splash.
You now have 62 max hp (+1). 2 meliai come into view.
The meliai buzzes angrily.
You hear an angry buzzing noise.
You hear a shout!
A meliai comes into view. It is wielding a +0 war axe.
An electric eel comes into view. 😎 HP[+1]
Your hp is fully restored (62).
There are monsters nearby!
There are monsters nearby!
Unknown command.
Okay, then.
The meliai mumbles some strange prayers to its god against you.
Something smites you! 😕 HP[-10]
You take 10 damage, and now have 52/62 hp.
Unknown command.
You redirect the meliai's attack! 😕 HP[+1]
Okay, then.
Casting: Blade Hands (quite dangerous; 11% risk of failure)
Confirm with . or Enter, or press ? or * to list all spells.
The spell is quite dangerous to miscast (11% risk of failure)!
Continue anyway?
Your hands turn into razor-sharp scythe blades.
You redirect the meliai's attack!
The meliai hits you with a +0 hand axe!
You feel threatened and lose the ability to drink potions!
You focus your inner power and illuminate the meliai in retribution!
The meliai barely misses you. 😮 HP[-10] MP[-5]
You take 10 damage, and now have 43/62 hp.
You lost 5 mp, and now have 13/18 mp.
You cannot drink potions in your current state!
Unknown command.
You hit the meliai but do no damage. The meliai hits you with a +0 hand axe.
The meliai stings you.
You are poisoned.
The meliai poisons you!
You focus your inner power and illuminate the meliai in retribution!
The meliai hits you with a +0 hand axe. The meliai closely misses you. 😮 HP[-5]
You take 5 damage, and now have 38/62 hp.
You feel very sick. You block the meliai's attack.
The meliai stings you but does no damage.
The meliai mumbles some strange prayers to its god against you.
Something smites you!
* * * LOW HITPOINT WARNING * * *
The meliai hits you with a +0 hand axe.
* * * LOW HITPOINT WARNING * * *
You focus your inner power and illuminate the meliai in retribution!
The meliai stings you but does no damage.
The meliai completely misses you. The meliai misses you.
The meliai is stunned by your conviction and fails to attack.
You block the meliai's attack. The meliai misses you. 😨 HP[-17]
You take 17 damage, and now have 21/62 hp.
MASSIVE DAMAGE!! (PAUSE)
You slice the meliai!!
You kill the meliai!
You feel very sick. The meliai hits you with a +0 hand axe.
* * * LOW HITPOINT WARNING * * *
The meliai closely misses you. You block the meliai's attack.
The meliai stings you.
* * * LOW HITPOINT WARNING * * *
You are lethally poisoned!
The meliai poisons you! The meliai hits you with a +0 hand axe.
* * * LOW HITPOINT WARNING * * *
The meliai barely misses you. The meliai hits you with a +0 hand axe!
You die...

Skill      XL: |  1  2  3  4  5  6  7  8  9 10 |
---------------+-------------------------------+-----
Transmutations | 2 3 4 5 6 8 |  8.3
Unarmed Combat | 3 4 5 6 |  6.3
Spellcasting   | 3 4 5 |  5.9
Ice Magic      | 2 3 5 6 7 |  7.0
Fighting       | |  1.0
Dodging        | |  1.7

Action                   |  1- 3 |  4- 6 |  7- 9 | 10-12 || total
-------------------------+-------+-------+-------+-------++-------
Melee: Unarmed           |    27 |    61 |   321 |    27 ||   436
       Kick              |    34 |    22 |       |     5 ||    61
       Dagger            |    81 |    95 |       |       ||   176
       Headbutt          |    13 |     9 |       |       ||    22
       Punch             |     1 |     3 |       |       ||     4
 Cast: Beastly Appendage |    20 |    21 |       |       ||    41
       Spider Form       |     2 |    11 |     4 |       ||    17
       Ice Form          |       |     2 |    33 |     1 ||    36
       Wereblood         |       |     1 |    13 |     1 ||    15
       Blade Hands       |       |       |       |     3 ||     3
Invok: Sacrifice Drink   |       |       |     1 |       ||     1
       Sacrifice Durabil |       |       |     1 |       ||     1
 Abil: End Transformatio |       |     1 |     1 |       ||     2
Evoke: Wand              |       |       |       |     1 ||     1
  Use: Scroll            |     4 |    10 |     7 |     2 ||    23
 Stab: Sleeping          |     1 |     1 |       |       ||     2
       Invisible         |       |       |     5 |       ||     5
       Distracted        |       |       |       |     1 ||     1
Armor: Robe              |    16 |    14 |     1 |    16 ||    47
       Skin              |       |     2 |    91 |       ||    93
Dodge: Dodged            |    58 |   103 |   230 |    60 ||   451
Block: Other             |     2 |    20 |    66 |    17 ||   105

Levels and vault maps discovered:
D:1:      dpeg_arrival_renting, layout_loops_ring, kennysheep_nondescript,
          nrook_loot_triangle
D:2:      layout_loops_ring, shapermc_ecumenical_altar_venn,
          cheibrodos_gnoll_hut
D:3:      layout_basic
D:4:      layout_basic, minmay_temple_entry_statues_fountains, uniq_ijyb
D:5:      layout_basic, nicolae_overflow_squiral, lemuel_crystal_altar,
          amethyst_overflow_temple_binary, uniq_prince_ribbit1
D:6:      layout_loops_cross, serial_shops, nicolae_shop_waterfront,
          corexii_shack
D:7:      layout_rooms, uniq_crazy_yiuf_cottage, uniq_menkaure
D:8:      layout_loops_corners, hangedman_feature_mirror, nicolae_stop_n_shop_1,
          hellmonk_scale_shop, uniq_maggie
D:9:      layout_irregular_city, kennysheep_small_spiral
D:10:     nicolae_moon_pools, layout_small_grid,
          mainiacjoe_overflow_tiny_flanked, nzn_wu_jian_contemplation,
          hiddenorc1_lemuel, serial_shops, shop, uniq_josephine, uniq_gastronok,
          uniq_lodul
Temple:   eino_wide_crystal_templ

Notes
Turn   | Place    | Note
-------+----------+-------------------------------------------
     0 | D:1      | kae the Demonspawn Transmuter began the quest for the Orb.
     0 | D:1      | Reached XP level 1. HP: 15/15 MP: 3/3
     0 | D:1      | magus.rc [v1.11.3]
   113 | D:1      | Reached skill level 2 in Transmutations
   225 | D:1      | Lost mutation: You have razor-sharp toenails. [demonic
                  | ancestry]
   225 | D:1      | Lost mutation: You have sharp toenails. [demonic ancestry]
   225 | D:1      | Gained mutation: You have large cloven feet. [demonic
                  | ancestry]
   225 | D:1      | Reached XP level 2. HP: 21/21 MP: 1/5
   272 | D:1      | HP: 4/21 [frozen (5)]
   549 | D:1      | Reached skill level 3 in Unarmed Combat
   985 | D:1      | Gained mutation: A meltable shield of frost defends you.
                  | (SH +4) [demonic ancestry]
   985 | D:1      | Reached XP level 3. HP: 24/26 MP: 4/6
   988 | D:1      | Learned a level 2 spell: Wereblood
   992 | D:1      | Learned a level 3 spell: Spider Form
  1382 | D:2      | Found a faded altar of an unknown god.
  1401 | D:2      | Reached skill level 3 in Transmutations
  1401 | D:2      | Reached XP level 4. HP: 19/32 MP: 4/7
  2228 | D:3      | Noticed an ogre
  3032 | D:4      | Found a staircase to the Ecumenical Temple.
  3060 | Temple   | Entered the Ecumenical Temple
  3165 | Temple   | Became a worshipper of Ru the Awakened
  3194 | D:4      | Noticed Ijyb
  3384 | D:4      | Noticed an ogre
  3390 | D:4      | Killed an ogre
  3391 | D:4      | Reached skill level 3 in Spellcasting
  3391 | D:4      | Reached skill level 4 in Transmutations
  3391 | D:4      | Gained mutation: You have hoof-like feet. [demonic
                  | ancestry]
  3391 | D:4      | Reached XP level 5. HP: 37/37 MP: 5/9
  3421 | D:4      | Learned a level 4 spell: Ice Form
  3607 | D:4      | Reached XP level 6. HP: 43/43 MP: 5/10
  3664 | D:4      | Reached skill level 1 in Ice Magic
  4083 | D:3      | Reached skill level 4 in Unarmed Combat
  4255 | D:4      | Killed Ijyb
  4337 | D:5      | Entered Level 5 of the Dungeon
  4397 | D:5      | Identified a scroll of acquirement
  4397 | D:5      | Acquired 976 gold pieces
  4465 | D:5      | Found an iron altar of Okawaru.
  4490 | D:5      | Reached skill level 2 in Ice Magic
  4490 | D:5      | Reached XP level 7. HP: 48/48 MP: 4/12
  4561 | D:5      | Found a blossoming altar of Fedhas.
  4561 | D:5      | Found a basalt altar of Yredelemnul.
  4720 | D:5      | Found a shimmering altar of Xom.
  4727 | D:5      | Noticed Prince Ribbit
  4745 | D:5      | Killed Prince Ribbit
  4746 | D:5      | Reached skill level 5 in Transmutations
  4746 | D:5      | Reached skill level 3 in Ice Magic
  4746 | D:5      | You add the spells Ozocubu's Armour and Ozocubu's
                  | Refrigeration to your library.
  4870 | D:5      | Gained mutation: You occasionally lose the ability to drink
                  | potions when taking damage. [Ru sacrifice]
  4870 | D:5      | Gained mutation: You sometimes lose the ability to drink
                  | potions when taking damage. [Ru sacrifice]
  4870 | D:5      | Reached * piety under Ru
  5259 | D:6      | Reached skill level 4 in Spellcasting
  5307 | D:6      | Gained mutation: You are partially covered in molten
                  | scales. (AC +2) [demonic ancestry]
  5307 | D:6      | Reached XP level 8. HP: 53/54 MP: 14/14
  5354 | D:6      | Reached skill level 4 in Ice Magic
  5466 | D:6      | Found Veiboun's Weapon Boutique.
  5477 | D:6      | Reached skill level 6 in Transmutations
  5568 | D:6      | Reached skill level 5 in Unarmed Combat
  6070 | D:7      | Noticed Menkaure
  6088 | D:7      | Killed Menkaure
  6103 | D:7      | Reached skill level 5 in Ice Magic
  6268 | D:7      | Reached XP level 9. HP: 42/59 MP: 12/16
  6379 | D:7      | Reached skill level 5 in Spellcasting
  6548 | D:7      | You pick up a book of Frost and begin reading...
  6548 | D:7      | You add the spells Freeze, Frozen Ramparts and Hailstorm to
                  | your library.
  6655 | D:7      | Reached skill level 7 in Transmutations
  6690 | D:7      | Found a runed translucent door.
  6691 | D:7      | Noticed Crazy Yiuf
  6871 | D:7      | Killed Crazy Yiuf
  6927 | D:8      | Found Todo's Armour Shoppe.
  7101 | D:8      | Noticed Maggie
  7101 | D:8      | Maggie the Vainglorious comes into view. She is wielding
                  | the +9 lance "Wyrmbane" {slay drac, rPois rF+ rC+ AC+3}.
  7102 | D:8      | Here: Maggie, wielding the +9 lance "Wyrmbane" {slay drac,
                  | rPois rF+ rC+ AC+3} and wearing +2 acid dragon scales
                  | (asleep)
  7136 | D:8      | Found a hazy altar of Hepliaklqana.
  7136 | D:8      | Noticed a centaur warrior
  7555 | D:8      | Noticed a troll
  7566 | D:8      | Killed a troll
  7567 | D:8      | Reached skill level 6 in Ice Magic
  7658 | D:8      | Found an ancient bone altar of Kikubaaqudgha.
  7882 | D:8      | Gained mutation: You cannot train Armour skill. [Ru
                  | sacrifice]
  7882 | D:8      | Reached ** piety under Ru
  7962 | D:8      | Killed Maggie
  7963 | D:8      | Reached skill level 6 in Unarmed Combat
  8104 | D:8      | Found Nosigunu's Superior Scales.
  8340 | D:9      | Reached skill level 8 in Transmutations
  8569 | D:9      | You add the spells Leda's Liquefaction, Yara's Violent
                  | Unravelling, Silence and Blade Hands to your library.
  8569 | D:9      | Got the Handbook of Transmigration and Execration
  8752 | D:9      | HP: 16/70 [something (4)]
  8755 | D:9      | HP: 7/70 [orc priest/+0 dagger (3)]
  8763 | D:9      | HP: 6/70 [orc wizard/+0 dagger (4)]
  9376 | D:9      | Gained mutation: A meltable icy envelope protects you from
                  | harm. (AC +4) [demonic ancestry]
  9376 | D:9      | Reached XP level 10. HP: 65/65 MP: 14/18
  9468 | D:9      | Learned a level 5 spell: Blade Hands
  9496 | D:10     | Entered Level 10 of the Dungeon
  9525 | D:10     | Noticed Gastronok
  9586 | D:10     | Reached skill level 7 in Ice Magic
  9868 | D:10     | HP: 12/62 [meliai/+0 hand axe (4)]
  9868 | D:10     | Slain by a meliai

Vanquished Creatures
  Maggie (D:8)
  A troll (D:8)
  A meliai (D:10)
  Prince Ribbit (D:5)
  A wraith (D:9)
  A vampire (D:9)
  A steam dragon (D:8)
  Menkaure (D:7)
  A water moccasin (D:6)
  An orc warrior (D:10)
  An ice beast (D:6)
  3 black bears
  2 ogres
  A centaur (D:9)
  A phantom (D:6)
  5 kobold brigands
  5 bullfrogs
  A gnoll sergeant (D:8)
  A scorpion (D:7)
  4 wights (D:7)
  4 killer bees (D:8)
  An electric eel (D:10)
  A hound (D:6)
  2 gnoll boudas
  8 orc priests
  Crazy Yiuf (D:7)
  3 iguanas
  Ijyb (D:4)
  5 orc wizards
  16 gnolls
  4 adders
  A shadow imp (D:8)
  4 white imps
  A worm (D:2)
  3 dart slugs
  39 orcs
  4 ball pythons
  13 endoplasms
  5 giant cockroaches
  7 goblins
  10 hobgoblins
  5 jackals
  31 kobolds
  2 quokkas
  4 bats
  3 frilled lizards
  7 rats
219 creatures vanquished.

Table legend:
 A = Non-vault XP
 B = Vault XP
 C = Vault XP percentage of total XP
 D = Non-vault monster count
 E = Vault monster count
 F = Vault count percentage of total count
                 A         B        C        D         E       F
            +---------+---------+-------+---------+---------+-------
      Total |    4667 |    1689 |  26.6 |     191 |      28 |  12.8
            +---------+---------+-------+---------+---------+-------
        D:1 |      44 |       0 |   0.0 |      24 |       0 |   0.0
        D:2 |      79 |      19 |  19.4 |      17 |       3 |  15.0
        D:3 |     158 |       0 |   0.0 |      17 |       0 |   0.0
        D:4 |     267 |      36 |  11.9 |      24 |       1 |   4.0
        D:5 |     236 |     277 |  54.0 |       9 |       1 |  10.0
        D:6 |     977 |       3 |   0.3 |      24 |       1 |   4.0
        D:7 |     961 |     205 |  17.6 |      29 |       2 |   6.5
        D:8 |     552 |     891 |  61.7 |      16 |       3 |  15.8
        D:9 |    1059 |       0 |   0.0 |      29 |       0 |   0.0
       D:10 |     334 |     258 |  43.6 |       2 |      17 |  89.5
            +---------+---------+-------+---------+---------+-------

Illustrated notes

Table legend:
 A = Kills in this place as a percentage of kills in entire the game.
 B = Kills by you in this place as a percentage of kills by you in the entire game.
 C = Kills by friends in this place as a percentage of kills by friends in the entire game.
 D = Other kills in this place as a percentage of other kills in the entire game.
 E = Experience gained in this place as a percentage of experience gained in the entire game.
 F = Experience gained in this place divided by the number of levels of this place that you have seen.
                   A       B       C       D       E      F
               +-------+-------+-------+-------+-------+----------------------
         Total | 100.0 | 100.0 |   N/A |   N/A | 100.0 | 577.8
       Dungeon | 100.0 | 100.0 |   N/A |   N/A | 100.0 | 635.6
               +-------+-------+-------+-------+-------+----------------------

Table legend: (Time is in decaauts)
 A = Elapsed time spent in this place.
 B = Non-inter-level travel time spent in this place.
 C = Inter-level travel time spent in this place.
 D = Time resting spent in this place.
 E = Time spent auto-exploring this place.
 F = Levels seen in this place.
 G = Mean time per level.
                   A        B        C        D        E       F      G
               +--------+--------+--------+--------+--------+-----+--------+
         Total |   9825 |   9229 |    596 |    183 |   7392 |  11 |  893.2 |
       Dungeon |   9698 |   9144 |    554 |    183 |   7318 |  10 |  969.8 |
        Temple |    127 |     85 |     42 |      0 |     74 |   1 |  127.0 |
               +--------+--------+--------+--------+--------+-----+--------+

Top non-repeatable levels by time:
     D:8: 1503 daAuts
     D:9: 1242 daAuts
     D:4: 1128 daAuts
     D:2: 1081 daAuts
     D:1: 1022 daAuts
     D:3: 970 daAuts
     D:6: 933 daAuts
     D:7: 875 daAuts
     D:5: 764 daAuts
    D:10: 176 daAuts
  Temple: 127 daAuts
